 Dungeon Crawl Stone Soup version 0.28.0-45-g0d030f2227 (webtiles) character file.

Game seed: 14359712134738931502

38 NinjaNoafa the Digger (level 3, -2/19 HPs)
             Began as a Gargoyle Earth Elementalist on Apr 14, 2022.
             Killed by nerve-wracking pain
             ... invoked by Jessica
              (6 damage)
             ... on level 3 of the Dungeon.
             The game lasted 00:05:15 (1464 turns).

NinjaNoafa the Digger (Gargoyle Earth Elementalist) Turns: 1464, Time: 00:05:16

Health: -2/19      AC:  6    Str: 11    XL:     3   Next: 43%
Magic:  0/6        EV: 12    Int: 17    God:
Gold:   39         SH:  0    Dex: 10    Spells: 4/6 levels left

rFire   x . .      SeeInvis .   (no weapon)
rCold   + . .      Faith    .   (no shield)
rNeg    + . .      Spirit   .   b - +0 robe
rPois   ∞          Reflect  .   (no helmet)
rElec   +          Harm     .   (no cloak)
rCorr   .          Rampage  .   (no gloves)
Will    .....                   g - +0 pair of boots
Stlth   ++........              (no amulet)
HPRegen 0.06/turn               e - ring of ice
MPRegen 0.10/turn               (no ring)

@: very slightly contaminated, slowed, very slow
A: sickness immunity, AC +3, negative energy resistance 1, electricity
resistance, torment resistance 1, petrification resistance
a: no special abilities


You were on level 3 of the Dungeon.
You visited 1 branch of the dungeon, and saw 3 of its levels.

You collected 39 gold pieces.

Inventory:

Missiles
 i - a stone
Armour
 b - a +0 robe (worn)
 g - a +0 pair of boots (worn)
Jewellery
 e - a ring of ice (left hand)
Scrolls
 a - 2 scrolls of identify {unknown}
 d - a scroll of immolation {unknown}
 f - a scroll of enchant weapon {unknown}
 j - a scroll of silence {unknown}
Potions
 c - a potion of invisibility {unknown}
 h - a potion of attraction {unknown}


   Skills:
 + Level 1.9 Dodging
 + Level 2.5 Stealth
 + Level 2.3 Spellcasting
 * Level 0.7 Conjurations
 + Level 1.0 Transmutations
 * Level 0.6 Fire Magic
 + Level 4.0 Earth Magic


You had 4 spell levels left.
You knew the following spells:

 Your Spells              Type           Power      Damage    Failure   Level
a - Sandblast             Erth           30%        2d9       3%          1
b - Foxfire               Conj/Fire      16%        2x1d4     14%         1

Your spell library contained the following spells:

 Spells                   Type           Power      Damage    Failure   Level
 Passwall                 Tmut/Erth      8%         N/A       10%         2
 Magic Dart               Conj           16%        1d3       14%         1
 Summon Small Mammal      Summ           4%         N/A       19%         1
 Stone Arrow              Conj/Erth      20%        3d8       22%         3
 Call Imp                 Summ           1%         N/A       28%         2
 Conjure Flame            Conj/Fire      4%         6-21      38%         3
 Inner Flame              Hex/Fire       3%         N/A       45%         3
 Mephitic Cloud           Conj/Pois/Air  2%         N/A       45%         3
 Call Canine Familiar     Summ           1%         N/A       50%         3
 Summon Guardian Golem    Hex/Summ       1%         N/A       50%         3
 Petrify                  Tmut/Erth      10%        N/A       54%         4
 Flame Wave               Conj/Fire      4%         2d5       80%         4


Dungeon Overview and Level Annotations

Branches:
Dungeon (3/15)

Altars:

Annotations:
D:3 Jessica


Innate Abilities, Weirdness & Mutations

You are immune to sickness and miasma.
Your stone body is resilient. (AC +3)
You are immune to poison.
You resist negative energy. (rN+)
You are resistant to electric shocks. (rElec)
You are resistant to unholy torment.
You are immune to petrification.


Message History

The ball python bites you but does no damage.
The ball python barely misses you.
The foxfire hits the ball python.
You kill the ball python!
Casting: Foxfire (safe; 14% risk of failure)
Confirm with . or Enter, or press ? or * to list all spells.
You conjure some foxfire!
The foxfire hits the worm.
The worm is lightly wounded.
The foxfire hits the worm.
The worm is moderately wounded.
The foxfire hits the giant cockroach but does no damage.
A goblin comes into view. It is wielding a +0 dagger.
The goblin moves out of view.
There is a stone staircase leading down here.
You climb downwards.
Jessica shouts!
The kobold shouts!
Found 8 stones and a fizzy yellow potion.
There is a stone staircase leading up here.
Found a scroll labelled RAHIES XYISUAPN.
Jessica gestures wildly while chanting.
Jessica seems to speed up.
Jessica hits you but does no damage.
Casting: Foxfire (safe; 14% risk of failure)
Confirm with . or Enter, or press ? or * to list all spells.
You miscast Foxfire.
You are very lightly contaminated with residual magic.
Nothing appears to happen.
Jessica hits you with a +0 club. The kobold misses you.
You barely miss Jessica. Jessica hits you with a +0 club.
* * * LOW HITPOINT WARNING * * *
Jessica hits you but does no damage. The kobold closely misses you.
Casting: Foxfire (safe; 14% risk of failure)
Confirm with . or Enter, or press ? or * to list all spells.
You don't have enough magic to cast this spell.
Jessica closely misses you. Jessica gestures at you while chanting.
You feel yourself slow down. Jessica gestures at you while chanting.
Pain shoots through your body!
You die...

.. #. .... .. ##.
....! .##.. .....
.#.#......
..#......
#########........
#...(....<#.....
#...@K...........
#?...@...##......
#........# ......
########## #####


You could see Jessica (fast) and a kobold.

Vanquished Creatures
  2 dart slugs (D:1)
  2 endoplasms (D:1)
  A giant cockroach (D:1)
  7 goblins (D:1)
  3 hobgoblins (D:1)
  A quokka (D:1)
  5 ball pythons
  2 bats (D:1)
  2 frilled lizards (D:1)
  3 kobolds
  4 rats (D:1)
32 creatures vanquished.

Vanquished Creatures (others)
  37 foxfires
37 creatures vanquished.

Grand Total: 69 creatures vanquished

Notes
Turn   | Place    | Note
-------+----------+-------------------------------------------
     0 | D:1      | NinjaNoafa the Gargoyle Earth Elementalist began the quest
                  | for the Orb.
     0 | D:1      | Reached XP level 1. HP: 10/10 MP: 3/3
   349 | D:1      | Reached XP level 2. HP: 15/15 MP: 1/5
   509 | D:1      | Reached skill level 1 in Transmutations
   685 | D:1      | Reached skill level 4 in Earth Magic
   685 | D:1      | Reached XP level 3. HP: 19/19 MP: 1/6
   752 | D:1      | Learned a level 1 spell: Foxfire
  1454 | D:3      | Noticed Jessica
  1464 | D:3      | Killed from afar by Jessica

Illustrated notes

Levels and vault maps discovered:
D:1:      eino_arrival_water_star, layout_basic
D:2:      layout_basic
D:3:      layout_rooms, okawaru_altar_gauntlet_db, minmay_distorted,
          uniq_jessica

Skill      XL: |  1  2 |
---------------+-------+-----
Transmutations | 1 |  1.0
Earth Magic    | 4 |  4.0
Dodging        | |  1.9
Stealth        | |  2.5
Spellcasting   | |  2.3
Conjurations   | |  0.7
Fire Magic     | |  0.6

Action                   || total
-------------------------++-------
Melee: Unarmed           ||    26
 Cast: Sandblast         ||    30
       Foxfire           ||    22
Armor: Robe              ||    20
Dodge: Dodged            ||    41
